 Dungeon Crawl Stone Soup version 0.29-a0-1027-gcd8c55af63 (webtiles) character file.

Game seed: 10357136049173795891

153 Zonian the Grave Robber (level 5, -7/35 HPs)
             Began as a Demonspawn Necromancer on Aug 13, 2022.
             Killed by divine providence
             ... invoked by an orc priest
              (12 damage)
             ... on level 4 of the Dungeon.
             The game lasted 00:08:37 (3223 turns).

Zonian the Grave Robber (Demonspawn Necromancer)    Turns: 3223, Time: 00:08:38

Health: -7/35      AC:  2    Str:  9    XL:     5   Next: 12%
Magic:  0/9        EV: 12    Int: 20    God:
Gold:   61         SH:  8    Dex: 13    Spells: 6/10 levels left

rFire   . . .      SeeInvis .   q - +10 rapier of Asiwniov {vorpal, Fly rPois Int+2}
rCold   . . .      Faith    .   (no shield)
rNeg    . . .      Spirit   .   a - +0 robe
rPois   +          Reflect  .   (no helmet)
rElec   .          Harm     .   (no cloak)
rCorr   .          Rampage  .   (no gloves)
Will    .....                   (no boots)
Stlth   ++........              (no amulet)
HPRegen 0.11/turn               (no ring)
MPRegen 0.11/turn               (no ring)

@: flying
A: large bone plates 1, spiny 1, condensation shield
a: no special abilities


You were on level 4 of the Dungeon.
You visited 1 branch of the dungeon, and saw 4 of its levels.

You collected 187 gold pieces.
You spent 126 gold pieces at shops.

Inventory:

Hand Weapons
 b - a +0 dagger
 e - a +0 sling
 h - a +1 hand axe of electrocution
 i - a +3 whip of draining
 q - the +10 rapier of Asiwniov (weapon) {vorpal, Fly rPois Int+2}
   (You took it off a goblin on level 3 of the Dungeon)

   It inflicts extra damage upon your enemies.
   Int:       It affects your intelligence (+2).
   rPois:     It protects you from poison.
   Fly:       It grants you flight.
Armour
 a - a +0 robe (worn)
 j - an orb of energy
Scrolls
 k - a scroll of immolation {unknown}
 n - a scroll of butterflies
 p - 3 scrolls of identify {unknown}
 r - a scroll of noise {unknown}
 s - a scroll of teleportation {unknown}
 t - a scroll of poison
Potions
 c - a potion of haste {unknown}
 d - 2 potions of lignification {unknown}
 f - 2 potions of degeneration {unknown}
 l - a potion of magic
 o - a potion of cancellation {unknown}


   Skills:
 + Level 2.8 Dodging
 + Level 3.0 Stealth
 + Level 3.0 Spellcasting
 + Level 5.2 Necromancy


You had 6 spell levels left.
You knew the following spells:

 Your Spells              Type           Power      Damage    Failure   Level
a - Necrotise             Necr           92%        1d8       1%          1
b - Vampiric Draining     Necr           23%        2d7       4%          3

Your spell library contained the following spells:

 Spells                   Type           Power      Damage    Failure   Level
 Magic Dart               Conj           12%        1d3       14%         1
 Slow                     Hex            12%        N/A       14%         1
 Animate Dead             Necr           23%        N/A       17%         4
 Call Imp                 Summ           3%         N/A       22%         2
 Confusing Touch          Hex            3%         N/A       38%         3
 Gell's Gravitas          Tloc           3%         N/A       38%         3
 Lesser Beckoning         Tloc           3%         N/A       38%         3
 Mephitic Cloud           Conj/Pois/Air  3%         N/A       38%         3
 Teleport Other           Tloc           3%         N/A       38%         3
 Agony                    Necr           23%        N/A       43%         5


Dungeon Overview and Level Annotations

Branches:
Dungeon (4/15)
 Temple: D:4-7

Altars:

Shops:
D:3 !


Innate Abilities, Weirdness & Mutations

You are partially covered in large bone plates. (SH +4)
You are partially covered in sharp spines.
A meltable shield of frost defends you. (SH +4)


Message History

The orc priest closely misses you.
Your orc skeleton barely misses the orc priest.
Casting: Vampiric Draining (dangerous; 4% risk of failure)
Confirm with . or Enter, or press ? or * to list all spells.
Aiming: Necrotise (safe; 1% risk of failure)
Press: ? - help, Shift-Dir - straight line, f - orc priest
Aim: an orc priest, wielding a +0 dagger (ally target, chance to affect: 81%)
The orc priest writhes in agony!
The orc priest looks encouraged for a moment.
Your orc skeleton closely misses the orc priest.
Casting: Necrotise (safe; 1% risk of failure)
Confirm with . or Enter, or press ? or * to list all spells.
Aiming: Necrotise (safe; 1% risk of failure)
Press: ? - help, Shift-Dir - straight line, f/p - orc priest
Aim: an orc priest, wielding a +0 dagger (heavily wounded, ally target, chance to affect: 81%)
The orc priest writhes in agony!
The orc priest invokes the aid of Beogh against you.
Beogh smites you!
* * * LOW HITPOINT WARNING * * *
Your orc skeleton barely misses the orc priest.
You feel better.
The orc priest mumbles some strange prayers to Beogh against you.
Beogh smites you!
* * * LOW HITPOINT WARNING * * *
Casting: Necrotise (safe; 1% risk of failure)
Confirm with . or Enter, or press ? or * to list all spells.
Aiming: Necrotise (safe; 1% risk of failure)
Press: ? - help, Shift-Dir - straight line, f/p - orc priest
Aim: an orc priest, wielding a +0 dagger (almost dead, ally target, chance to affect: 81%)
The orc priest barely resists.
The orc priest invokes the aid of Beogh against you.
You barely resist.
Your orc skeleton hits the orc priest but does no damage.
Your magical contamination has completely faded away.
As you read the scroll of fear, it crumbles to dust.
You assume a fearsome visage.
The iguana looks frightened!
The orc priest looks frightened!
The endoplasm looks frightened!
The orc priest calls down the wrath of Beogh upon you.
Beogh smites you!
You die...

####............#
.......(..(.#####
#...###.....#
............#
.....##.....# ####
#.)##### .
##.##### ...
#..#..$##..
.>.J.###@#<......S
#loZ...........
####)..........
#.#.........
#.##........
#.###...##.. #.#
...# . #.# ####
..#


You could see an iguana (fleeing), an orc priest (fleeing, ally target) and a
friendly orc skeleton.

Vanquished Creatures
  An orc wizard (D:4)
  A gnoll (D:1)
  4 adders
  2 worms
  3 orcs
  6 endoplasms
  5 goblins
  4 hobgoblins
  5 jackals
  2 quokkas (D:1)
  12 ball pythons
  8 bats
  3 frilled lizards
  8 kobolds
  9 rats
73 creatures vanquished.

Vanquished Creatures (collateral kills)
  A bat (D:1)
  2 endoplasms
3 creatures vanquished.

Grand Total: 76 creatures vanquished

Notes
Turn   | Place    | Note
-------+----------+-------------------------------------------
     0 | D:1      | Zonian the Demonspawn Necromancer began the quest for the
                  | Orb.
     0 | D:1      | Reached XP level 1. HP: 13/13 MP: 3/3
    76 | D:1      | Gained mutation: You are partially covered in large bone
                  | plates. (SH +4) [demonic ancestry]
    76 | D:1      | Reached XP level 2. HP: 16/19 MP: 0/5
   783 | D:1      | Gained mutation: You are partially covered in sharp spines.
                  | [demonic ancestry]
   783 | D:1      | Reached XP level 3. HP: 24/24 MP: 4/6
   787 | D:1      | Learned a level 3 spell: Vampiric Draining
  2018 | D:3      | Found Zool's Distillery.
  2021 | D:3      | Bought a potion of curing for 42 gold pieces
  2021 | D:3      | Bought a potion of curing for 42 gold pieces
  2021 | D:3      | Bought a potion of curing for 42 gold pieces
  2044 | D:3      | Gained mutation: A meltable shield of frost defends you.
                  | (SH +4) [demonic ancestry]
  2044 | D:3      | Reached XP level 4. HP: 28/30 MP: 7/7
  2248 | D:3      | Reached skill level 5 in Necromancy
  2344 | D:3      | Identified the +10 rapier of Asiwniov {vorpal, Fly rPois
                  | Int+2}
  2887 | D:4      | Reached XP level 5. HP: 11/35 MP: 4/9
  3223 | D:4      | Killed from afar by an orc priest

Illustrated notes

Levels and vault maps discovered:
D:1:      dpeg_arrival_simpleton_c, layout_basic
D:2:      layout_basic, minmay_door_square, minmay_box_of_dots
D:3:      minmay_bubble_buster, layout_rooms, serial_shops,
          nicolae_shop_behind_doors
D:4:      layout_rooms

Skill      XL: |  1  2  3  4  5 |
---------------+----------------+-----
Dodging        | 2 |  2.8
Stealth        | 2 3 |  3.0
Necromancy     | 5 |  5.2
Spellcasting   | 3 |  3.0

Action                   |  1- 3 |  4- 6 || total
-------------------------+-------+-------++-------
Melee: Dagger            |     4 |       ||     4
       Unarmed           |     1 |       ||     1
       Whip              |    14 |    24 ||    38
       Rapier            |       |    22 ||    22
 Cast: Necrotise         |    41 |    16 ||    57
       Vampiric Draining |       |     1 ||     1
  Use: Potion            |     1 |     3 ||     4
       Scroll            |     5 |     1 ||     6
 Stab: Sleeping          |       |     6 ||     6
Armor: Robe              |     4 |     8 ||    12
Dodge: Dodged            |    14 |    24 ||    38
Block: Other             |     7 |    21 ||    28

Table legend: (Time is in decaauts)
 A = Elapsed time spent in this place.
 B = Non-inter-level travel time spent in this place.
 C = Inter-level travel time spent in this place.
 D = Time resting spent in this place.
 E = Time spent auto-exploring this place.
 F = Levels seen in this place.
 G = Mean time per level.
                   A        B        C        D        E       F      G
               +--------+--------+--------+--------+--------+-----+--------+
         Total |   3228 |   3103 |    125 |    505 |   2033 |   4 |  807.0 |
       Dungeon |   3228 |   3103 |    125 |    505 |   2033 |   4 |  807.0 |
               +--------+--------+--------+--------+--------+-----+--------+

Top non-repeatable levels by time:
     D:1: 1110 daAuts
     D:2: 900 daAuts
     D:3: 849 daAuts
     D:4: 368 daAuts
